 Dungeon Crawl Stone Soup version 0.17-a0-1951-g62301d3 (webtiles) character file.

60 graki42 the Firebug (level 3, -1/19 HPs)
             Began as a Deep Elf Fire Elementalist on Oct 2, 2015.
             Slain by Terence
             ... wielding a +0 mace
              (9 damage)
             ... on level 2 of the Dungeon.
             The game lasted 00:05:12 (1293 turns).

graki42 the Firebug (Deep Elf Fire Elementalist)    Turns: 1293, Time: 00:05:12

Health: -1/19      AC:  3    Str:  6    XL:     3   Next: 82%
Magic:  0/10       EV: 13    Int: 19    God:
Gold:   90         SH:  0    Dex: 15    Spells: 1 memorised, 9 levels left

rFire  . . .     SeeInvis .     (no weapon)
rCold  . . .     Clarity  .     a - +0 robe
rNeg   . . .     SustAt   .     (no shield)
rPois  .         Gourm    .     (no helmet)
rElec  .         Spirit   .     (no cloak)
rCorr  .         Warding  .     (no gloves)
rMut   .         Stasis   .     j - +0 pair of boots
MR     .....                    (no amulet)
Stlth  ++........               (no ring)
                                (no ring)

@: not resistant to hostile enchantments, unstealthy
A: no striking features
a: no special abilities


You were on level 2 of the Dungeon.
You were not hungry.

You visited 1 branch of the dungeon, and saw 2 of its levels.

You collected 90 gold pieces.

Inventory:

Armour
 a - a +0 robe (worn)
 j - a +0 pair of boots (worn)
Scrolls
 d - 2 scrolls of noise {unknown}
 e - 2 scrolls of remove curse {unknown}
 f - 4 scrolls of identify {unknown}
 g - a scroll of fear {unknown}
 h - a scroll of teleportation {unknown}
 i - a scroll of immolation {unknown}
Potions
 l - a potion of heal wounds {unknown}
Books
 b - a book of Flames

   Spells                             Type                      Level
   a - Flame Tongue                   Conjuration/Fire             1
   b - Throw Flame                    Conjuration/Fire             2
   c - Conjure Flame                  Conjuration/Fire             3
   d - Inner Flame                    Hexes/Fire                   3
   e - Sticky Flame                   Conjuration/Fire             4
   f - Fireball                       Conjuration/Fire             5
Comestibles
 c - a bread ration
 k - a meat ration


   Skills:
 - Level 2.5 Dodging
 - Level 2.5 Stealth
 + Level 4.0 Spellcasting
 + Level 1.7 Conjurations
 + Level 4.4 Fire Magic


You had 9 spell levels left.
You knew the following spells:

 Your Spells              Type           Power        Failure   Level  Hunger
a - Flame Tongue          Conj/Fire      ###..        4%          1    None


Dungeon Overview and Level Annotations

Branches:
Dungeon (2/15)

Altars:
Ashenzari

Annotations:
D:2 Robin, Terence


Message History

The flame tongue hits Terence.
Terence is lightly wounded.
Terence barely misses you.
Casting: Flame Tongue
Confirm with . or Enter, or press ? or * to list all spells.
Aiming: Flame Tongue
Press: ? - help, Shift-Dir - straight line, f/p - Terence
Aim: Terence, wielding a mace and wearing a runed ring mail (lightly wounded)
The flame tongue hits Terence.
Terence is severely wounded.
Terence hits you with a mace.
Casting: Flame Tongue
Confirm with . or Enter, or press ? or * to list all spells.
Aiming: Flame Tongue
Press: ? - help, Shift-Dir - straight line, f/p - Terence
Aim: Terence, wielding a mace and wearing a runed ring mail (severely wounded)
The flame tongue misses Terence.
The flame tongue hits the goblin.
You kill the goblin!
Terence hits you with a mace!
You die...

..##.########....#
..##†#P.....#....#
..##.########....#
####.########....#
<.................
..####...........# #
#...........#
#...........#
#.........)@#
####'######@#
######'######)#
............†.w##########
.........................
........................>
..>......................
.........................
...................#####


You could see Terence and a worm.

Vanquished Creatures
  2 adders (D:2)
  A worm (D:2)
  4 giant cockroaches
  12 goblins
  4 hobgoblins
  4 kobolds
  6 bats
  4 giant newts
  5 rats
42 creatures vanquished.

Notes
Turn   | Place    | Note
--------------------------------------------------------------
     0 | D:1      | graki42 the Deep Elf Fire Elementalist began the quest for the Orb.
     0 | D:1      | Reached XP level 1. HP: 10/10 MP: 6/6
   257 | D:1      | Reached XP level 2. HP: 15/15 MP: 6/8
   699 | D:2      | Found a shattered altar of Ashenzari.
   700 | D:2      | Noticed Robin
   771 | D:2      | Reached skill level 4 in Fire Magic
   771 | D:2      | Reached XP level 3. HP: 19/19 MP: 6/10
  1274 | D:2      | Noticed Terence
  1293 | D:2      | Slain by Terence

Vault maps used:
D:1:      minmay_arrival_up_and_down, corexii_hall_statues_x
D:2:      old_standard_altar, serial_aquarium, aquarium_bridge_straight,
          aquarium_bridge_island_small, aquarium_window_1, aquarium_window_2,
          aquarium_window_corridor_3, aquarium_window_2, aquarium_view_2f,
          aquarium_balcony_3b, uniq_robin, uniq_terence, uniq_natasha

Action                   || total
-------------------------++-------
Melee: Unarmed           ||     1
 Cast: Flame Tongue      ||    77
 Stab: Sleeping          ||     1
  Eat: Chunk             ||     1
